AoeStats
← RatZakk

MegaRandom

509766275Analyzed
4v4 RM · 3d ago on Sep 27, 2026· 55m 35s· 8 players
Game mode
Random Map
Map size
Large (8 player)
Population
200
Speed
Normal
Resources
Standard
Victory
Conquest
Starting age
Dark Age
Ending age
Imperial Age
RankedLock teamsTeams togetherTeam positionsShared explorationLock speedFull tech treeHidden civsTurbo modeCheats
Victory
Defeat
🇨🇴 Mongols · Colombia
1413
+8
1387
+9
🇨🇷 Georgians · Costa Rica
1346
+10
🇦🇷 Magyars · Argentina
1289
+12
🇹🇷 Celts · Türkiye
1246
-11
🇨🇴 Portuguese · Colombia
1244
-11
🇦🇷 Mongols · Argentina
1226
-10
🇺🇸 Varangians · United States
1136
-7
BlackIrelia
5:20 Loom
11:36 Feudal Age
15:55 Castle Age
13:59 Double-Bit Axe
17:07 Light Cavalry
17:36 Horse Collar
24:42 Wheelbarrow
24:35 Bow Saw
26:37 Bloodlines
27:07 Husbandry
27:14 Husbandry
27:21 Scale Barding Armor
29:03 Hand Cart
30:04 Town Watch
30:25 Gold Mining
30:44 Vendel Legacy
31:51 Chain Barding Armor
31:42 Forging
33:36 Iron Casting
36:06 Imperial Age
35:55 Scale Mail Armor
36:02 Squires
35:48 Gambesons
36:20 Cavalier
37:34 Conscription
40:05 Plate Barding Armor
45:16 Blast Furnace
47:10 Elite Skirmisher
48:10 Elite Varangian Guard
49:57 Fletching
51:26 Pikeman
52:18 Padded Archer Armor
İhtiyar
11:13 Feudal Age
13:03 Loom
15:59 Castle Age
14:25 Horse Collar
14:57 Double-Bit Axe
17:25 Wheelbarrow
22:24 Bow Saw
25:24 Gold Mining
25:25 Stone Mining
26:08 Fletching
27:00 Caravan
30:17 Imperial Age
27:57 Heavy Plow
28:34 Gold Shaft Mining
28:35 Stone Shaft Mining
28:18 Caravan
29:56 Bodkin Arrow
32:05 Onager
33:17 Conscription
34:48 Furor Celtica
35:02 Ballistics
34:38 Murder Holes
36:56 Chemistry
36:50 Heavy Scorpion
39:16 Coinage
38:59 Guilds
39:35 Stronghold
39:37 Pikeman
40:03 Arson
40:20 Scale Mail Armor
40:31 Forging
40:54 Halberdier
42:11 Iron Casting
41:52 Chain Mail Armor
41:32 Capped Ram
44:24 Siege Ram
46:23 Plate Mail Armor
46:54 Blast Furnace
46:22 Siege Ram
47:57 Siege Engineers
48:41 Siege Engineers
52:30 Banking
RatZakk
10:09 Loom
12:12 Feudal Age
14:12 Double-Bit Axe
17:03 Padded Archer Armor
19:29 Castle Age
18:01 Fletching
18:21 Horse Collar
19:42 Crossbowman
23:23 Heavy Plow
24:58 Bodkin Arrow
26:37 Leather Archer Armor
28:05 Wheelbarrow
30:06 Bow Saw
35:25 Imperial Age
34:22 Hand Cart
34:14 Gold Mining
34:14 Stone Mining
34:33 Murder Holes
35:44 Elite Organ Gun
38:53 Siege Engineers
39:17 Arquebus
40:50 Conscription
44:08 Elite Skirmisher
46:19 Ballistics
46:47 Bracer
47:17 Ring Archer Armor
48:48 Ring Archer Armor
49:58 Chemistry
49:26 Thumb Ring
-Jark-
11:44 Feudal Age
10:49 Loom
12:35 Feudal Age
16:30 Castle Age
14:39 Horse Collar
14:45 Double-Bit Axe
17:52 Heavy Plow
18:17 Bow Saw
23:46 Wheelbarrow
24:47 Town Watch
24:58 Gold Mining
24:58 Stone Mining
26:13 Hand Cart
31:45 Imperial Age
29:59 Scale Barding Armor
30:04 Forging
31:38 Gold Shaft Mining
30:54 Stone Mining
31:33 Chain Barding Armor
31:48 Iron Casting
31:55 Caravan
32:31 Bloodlines
32:21 Husbandry
32:11 Light Cavalry
32:14 Heavy Camel Rider
32:21 Elite Steppe Lancer
33:31 Conscription
33:33 Drill
32:38 Elite Mangudai
36:14 Blast Furnace
35:05 Fletching
36:40 Chemistry
36:42 Hussar
37:04 Capped Ram
38:06 Heavy Camel Rider
40:01 Bodkin Arrow
40:07 Padded Archer Armor
40:33 Ballistics
41:15 Bracer
41:31 Leather Archer Armor
40:55 Onager
43:44 Siege Onager
46:56 Siege Ram
Carmelo maradona
10:41 Feudal Age
14:59 Castle Age
13:50 Double-Bit Axe
16:51 Bow Saw
23:32 Wheelbarrow
23:01 Town Watch
24:18 Horse Collar
25:20 Hand Cart
30:47 Imperial Age
28:11 Fletching
29:00 Bodkin Arrow
29:05 Stone Mining
29:10 Gold Mining
29:33 Heavy Plow
30:28 Padded Archer Armor
31:47 Ballistics
31:37 Bracer
32:34 Leather Archer Armor
33:47 Chemistry
33:29 Parthian Tactics
33:10 Thumb Ring
33:45 Light Cavalry
34:28 Husbandry
34:36 Hussar
35:30 Bloodlines
35:29 Scale Barding Armor
35:35 Forging
36:07 Conscription
37:43 Loom
37:59 Town Patrol
39:00 Chain Barding Armor
39:16 Iron Casting
40:08 Murder Holes
46:11 Blast Furnace
45:57 Elite Mangudai
50:42 Cavalier
JAGR | TheMoePlay
7:17 Loom
10:25 Feudal Age
14:34 Wheelbarrow
17:59 Castle Age
16:13 Scale Barding Armor
16:33 Double-Bit Axe
17:32 Forging
19:55 Bow Saw
24:04 Bloodlines
25:14 Husbandry
26:04 Gold Mining
26:05 Stone Mining
28:31 Town Watch
30:01 Horse Collar
33:48 Imperial Age
31:35 Hand Cart
31:52 Chain Barding Armor
32:07 Iron Casting
34:04 Stone Shaft Mining
33:31 Heavy Plow
33:41 Town Patrol
33:22 Light Cavalry
34:20 Fletching
34:30 Padded Archer Armor
34:30 Scale Mail Armor
35:19 Conscription
34:19 Elite Monaspa
36:01 Crop Rotation
35:52 Murder Holes
36:18 Ballistics
37:15 Plate Barding Armor
37:11 Guard Tower
38:22 Chemistry
38:47 Svan Towers
40:33 Blast Furnace
41:27 Hoardings
41:29 Siege Engineers
41:35 Masonry
42:03 Keep
41:08 Treadmill Crane
41:04 Hussar
42:59 Bodkin Arrow
43:20 Aznauri Cavalry
43:45 Caravan
44:12 Squires
43:32 Pikeman
44:51 Devotion
45:10 Chain Mail Armor
44:56 Bracer
46:07 Leather Archer Armor
46:23 Plate Mail Armor
46:45 Elite Skirmisher
48:33 Arrowslits
49:18 Architecture
48:15 Halberdier
49:29 Clinker Construction
50:50 Gambesons
50:50 Arson
53:43 Fortified Wall
JAGR | GastonWick
2:37 Loom
10:27 Feudal Age
11:09 Double-Bit Axe
12:47 Horse Collar
16:29 Castle Age
21:56 Bow Saw
24:36 Heavy Plow
26:26 Wheelbarrow
26:15 Loom
26:57 Fletching
27:20 Gold Mining
27:21 Stone Mining
27:59 Hand Cart
31:42 Imperial Age
29:55 Town Watch
30:56 Gold Shaft Mining
30:32 Thumb Ring
32:02 Heated Shot
32:32 Ballistics
32:50 Bodkin Arrow
33:32 Murder Holes
34:13 Crop Rotation
34:45 Two-Man Saw
34:01 Padded Archer Armor
35:06 Bracer
35:22 Leather Archer Armor
35:45 Bloodlines
35:35 Husbandry
36:01 Conscription
35:47 Recurve Bow
36:05 Heavy Cavalry Archer
37:10 Parthian Tactics
37:24 Hoardings
37:25 Ring Archer Armor
37:01 Scale Barding Armor
37:06 Corvinian Army
36:26 Elite Magyar Huszar
39:40 Chain Barding Armor
40:34 Chemistry
39:40 Siege Engineers
39:46 Masonry
41:35 Caravan
46:36 Plate Barding Armor
JAGR | TheButterfly_Effect
10:44 Feudal Age
10:36 Loom
11:32 Loom
12:10 Town Watch
14:40 Castle Age
12:39 Double-Bit Axe
13:07 Horse Collar
15:34 Town Watch
16:38 Bow Saw
16:45 Fletching
21:18 Scale Mail Armor
22:25 Sanctity
29:35 Wheelbarrow
31:41 Hand Cart
31:33 Heavy Plow
36:05 Imperial Age
34:25 Chain Mail Armor
34:57 Bodkin Arrow
35:49 Padded Archer Armor
36:52 Shield Wall
37:58 Town Patrol
38:57 Plate Mail Armor
37:50 Elite Hearth Troop
39:00 Fortified Wall
39:29 Conscription
39:40 Forging
39:54 Stone Mining
39:54 Gold Mining
40:32 Caravan
42:14 Bracer
44:39 Elite Varangian Guard
46:14 Iron Casting
46:11 Squires
45:57 Gambesons
51:14 Capped Ram
52:56 Padded Archer Armor
52:21 Siege Ram
53:40 Ballistics
53:48 Ballistics
55:07 Leather Archer Armor
55:09 Arson
Connection lost

Rejoining the realm…

Still unreachable

The connection could not be restored.

Session expired

The server has moved on; the page needs a fresh start.